 Dungeon Crawl Stone Soup version 0.30-a0-743-gbfdf073431 (webtiles) character file.

Game seed: 1879350609320662118

157 oldriver the Shooter (level 5, -6/46 HPs)
             Began as a Meteoran Hunter on Feb 7, 2023.
             Mangled by an iguana (8 damage)
             ... on level 4 of the Dungeon.
             The game lasted 00:06:27 (1650 turns).

oldriver the Shooter (Meteoran Hunter)              Turns: 1650, Time: 00:06:28

Health: -6/46      AC:  5    Str: 12    XL:     5   Next: 99%
Magic:  6/6        EV: 12    Int: 11    God:
Gold:   171        SH:  0    Dex: 19    Spells: 4/4 levels left

rFire   . . .      SeeInvis .    a - +1 shortbow
rCold   . . .      Faith    .    (shield currently unavailable)
rNeg    . . .      Spirit   .    c - +0 leather armour
rPois   .          Reflect  .    f - +0 helmet
rElec   .          Harm     .    i - +0 cloak
rCorr   .          Rampage  .    (no gloves)
Will    .....                    (no boots)
Stlth   +                        (no amulet)
HPRegen 0.27/turn                (no ring)
MPRegen 0.10/turn                (no ring)

@: glowing
A: sense surroundings 1, otherworldly, glowing, explore regen
a: no special abilities


You were on level 4 of the Dungeon.
You visited 1 branch of the dungeon, and saw 4 of its levels.

You collected 171 gold pieces.

Inventory:

Hand Weapons
 a - a +1 shortbow (weapon)
Missiles
 q - 3 datura-tipped darts
Armour
 c - a +0 leather armour (worn)
 f - a +0 helmet (worn)
 i - a +0 cloak (worn)
Scrolls
 b - a scroll of immolation
 j - a scroll of teleportation
 k - a scroll of amnesia
 l - 2 scrolls of fear
Potions
 e - a potion of attraction {unknown}
 h - 2 potions of curing
 n - a potion of mutation
 o - a potion of resistance
 r - a potion of cancellation {unknown}


   Skills:
 + Level 3.8 Fighting
 * Level 6.4 Ranged Weapons
 - Level 2.4 Dodging
 - Level 0.6 Stealth


You had 4 spell levels left.
You didn't know any spells.
Your spell library contained the following spells:

 Spells                   Type           Power      Damage    Failure   Level
 Frozen Ramparts          Ice            0%         1d1       80%         3
 Ice Form                 Ice/Tmut       0%         N/A       99%         4
 Summon Ice Beast         Ice/Summ       0%         N/A       99%         4


Dungeon Overview and Level Annotations

Branches:
Dungeon (4/15) Zot: 701
 Temple: D:4-7

Altars:
Cheibriados


Innate Abilities, Weirdness & Mutations

You passively map a small area around you.
You are easily found by Zot.
You glow in the dark.
You regain HP and MP as you explore.


Message History

You kill the hobgoblin!
No target in view!
No target in view!
No target in view!
You open the door.
There is an open door here.
No target in view!
You open the door. You open the door.
An iguana comes into view.
The iguana bites you but does no damage.
There is an open door here.
You shoot an arrow. The arrow barely misses the iguana.
The iguana bites you! The iguana misses you.
You shoot an arrow. The arrow hits the iguana!
The iguana is moderately wounded.
The iguana bites you.
You are too injured to fight recklessly!
You are too injured to fight recklessly!
You shoot an arrow. The arrow hits the iguana.
The iguana is heavily wounded.
The iguana bites you!
You shoot an arrow.
The arrow hits the iguana but does no damage.
The iguana is heavily wounded.
The iguana bites you.
You shoot an arrow. The arrow barely misses the iguana.
The iguana bites you.
* * * LOW HITPOINT WARNING * * *
You shoot an arrow. The arrow hits the iguana.
The iguana is heavily wounded.
The iguana barely misses you. The iguana bites you.
* * * LOW HITPOINT WARNING * * *
You feel better. The iguana bites you.
You shoot an arrow. The arrow hits the iguana.
The iguana is severely wounded.
The iguana barely misses you.
You shoot an arrow. The arrow closely misses the iguana.
The iguana bites you!
* * * LOW HITPOINT WARNING * * *
You shoot an arrow. The arrow closely misses the iguana.
The iguana bites you!
You die...

#.#...........
#.#............
#....###.......
#....# *.......
, #....#
*....... , ,*
#....# *.......
, * #.####
....... ,
#.######.......
#......@l......
,
####.###.......
* #.#, #####..
, #.#, ~* * #..
### ~ * * , * *
* ~ *


You could see an iguana.

Vanquished Creatures
  4 gnolls (D:3)
  6 adders
  A worm (D:2)
  A dart slug (D:2)
  10 endoplasms
  3 giant cockroaches (D:1)
  5 goblins
  9 hobgoblins
  2 kobolds
  A quokka (D:2)
  8 ball pythons
  3 bats
  3 frilled lizards
  3 rats (D:1)
59 creatures vanquished.

Notes
Turn   | Place    | Note
-------+----------+-------------------------------------------
     0 | D:1      | oldriver the Meteoran Hunter began the quest for the Orb.
     0 | D:1      | Reached XP level 1. HP: 17/17 MP: 2/2
    85 | D:1      | Reached XP level 2. HP: 24/25 MP: 3/3
   386 | D:1      | Reached XP level 3. HP: 30/30 MP: 4/4
   396 | D:1      | Reached skill level 5 in Ranged Weapons
   590 | D:2      | Reached XP level 4. HP: 38/38 MP: 5/5
   593 | D:2      | Found a snail-covered altar of Cheibriados.
  1073 | D:2      | Glimpsed the power of Zot.
  1152 | D:3      | Reached XP level 5. HP: 35/45 MP: 6/6
  1206 | D:3      | Found a faded altar of an unknown god.
  1206 | D:3      | Noticed a rust devil
  1270 | D:3      | Reached skill level 6 in Ranged Weapons
  1649 | D:4      | HP: 2/46 [iguana (13)]
  1650 | D:4      | Mangled by an iguana

Illustrated notes

Levels and vault maps discovered:
D:1:      elethiomel_arrival_shortcut, layout_basic, minmay_tromino_v2
D:2:      layout_basic, basic_altar
D:3:      layout_loops_ring, dreamdust_ecumenical_altar_sealed_demon
D:4:      layout_basic, minmay_temple_entry_offerings, gammafunk_ghost_split,
          saegor_snake_ambush

Skill      XL: |  1  2  3  4  5 |
---------------+----------------+-----
Ranged Weapons | 5 6 |  6.4
Fighting       | 3 |  3.8
Dodging        | |  2.4
Stealth        | |  0.6

Action                     |  1- 3 |  4- 6 || total
---------------------------+-------+-------++-------
   Fire: Shortbow          |    54 |   124 ||   178
    Use: Scroll            |       |     8 ||     8
         Potion            |       |     2 ||     2
 Armour: Leather armour    |    17 |    30 ||    47
  Dodge: Dodged            |    23 |    49 ||    72

Table legend: (Time is in decaauts)
 A = Elapsed time spent in this place.
 B = Non-inter-level travel time spent in this place.
 C = Inter-level travel time spent in this place.
 D = Time resting spent in this place.
 E = Time spent auto-exploring this place.
 F = Levels seen in this place.
 G = Mean time per level.
                   A        B        C        D        E       F      G
               +--------+--------+--------+--------+--------+-----+--------+
         Total |   1697 |   1528 |    169 |     32 |      0 |   4 |  424.2 |
       Dungeon |   1697 |   1528 |    169 |     32 |      0 |   4 |  424.2 |
               +--------+--------+--------+--------+--------+-----+--------+

Top non-repeatable levels by time:
     D:1: 694 daAuts
     D:2: 454 daAuts
     D:3: 411 daAuts
     D:4: 136 daAuts
